 Dungeon Crawl Stone Soup version 0.30-a0-913-g9934a0c (webtiles) character file.

Game seed: 844072658325273897

80 Dorkslayer the Trooper (level 4, -1/29 HPs)
             Began as a Gargoyle Fighter on Mar 19, 2023.
             Killed from afar by an orc wizard (10 damage)
             ... with a puff of flame
             ... on level 2 of the Dungeon.
             The game lasted 00:02:39 (883 turns).

Dorkslayer the Trooper (Gargoyle Fighter)            Turns: 883, Time: 00:02:40

Health: -1/29      AC: 12    Str: 22    XL:     4   Next: 39%
Magic:  4/4        EV:  8    Int:  8    God:
Gold:   9          SH:  4    Dex:  9    Spells: 3/3 levels left

rFire   . . .      SeeInvis .    a - +0 war axe
rCold   . . .      Faith    .    c - +0 buckler
rNeg    + . .      Spirit   .    h - +0 chain mail
rPois   ∞          Reflect  .    (no helmet)
rElec   +          Rampage  .    (no cloak)
rCorr   .                        (no gloves)
Will    .....                    (no boots) Stlth
                                 (no amulet)
HPRegen 0.24/turn                (no ring)
MPRegen 0.09/turn                (no ring)

@: mighty, brilliant
A: sickness immunity, AC +3, negative energy resistance 1, electricity
resistance, torment resistance 1, petrification resistance
a: no special abilities


You were on level 2 of the Dungeon.
You visited 1 branch of the dungeon, and saw 2 of its levels.

You collected 9 gold pieces.

Inventory:

Hand Weapons
 a - a +0 war axe (weapon)
Armour
 c - a +0 buckler (worn)
 h - a +0 chain mail (worn)
Scrolls
 b - a scroll of blinking {unknown}
 e - 2 scrolls of amnesia {unknown}
 i - a scroll of noise {unknown}
 j - a scroll of immolation {unknown}
 k - a scroll of identify {unknown}
 m - a scroll of poison {unknown}
Potions
 l - a potion of berserk rage {unknown}


   Skills:
 + Level 3.7 Fighting
 + Level 2.2 Axes
 + Level 3.7 Armour
 * Level 1.7 Dodging
 + Level 3.7 Shields


You had 3 spell levels left.
You didn't know any spells.
Your spell library contained the following spells:

 Spells                   Type           Power      Damage    Failure   Level
 Static Discharge         Conj/Air       0%         2-2/arc   100%        2
 Vhi's Electric Charge    Tloc/Air       0%         N/A       100%        3
 Arcjolt                  Conj/Air       0%         1d10      100%        5
 Plasma Beam              Fire/Air       0%         2x1d11    100%        5


Dungeon Overview and Level Annotations

Branches:
Dungeon (2/15)

Altars:

Shops:
D:1 *


Innate Abilities, Weirdness & Mutations

You are immune to sickness and miasma.
Your stone body is resilient. (AC +3)
You are immune to poison.
You resist negative energy. (rN+)
You are resistant to electric shocks. (rElec)
You are resistant to unholy torment.
You are immune to petrification.


Message History

You closely miss the rat. The rat bites you but does no damage.
You closely miss the rat. You block the rat's attack.
The rat closely misses you.
You closely miss the rat. You block the rat's attack.
You slash the rat!
You kill the rat!
The orc hits you but does no damage. The orc priest hits you with a +0 whip.
The orc priest begins to cast a cantrip, but forgets the words!
You barely miss the orc priest.
The orc priest is moderately wounded.
The orc priest hits you but does no damage.
You slash the orc priest!
You kill the orc priest!
You have reached level 4!
You feel stronger.
You barely miss something. Something hits you but does no damage.
The orc barely misses you.
You closely miss something. Something hits you but does no damage.
The orc hits you but does no damage.
You closely miss something. Something hits you. The orc barely misses you.
Something hits you but does no damage.
The orc hits you from afar with a +0 trident.
You hit something. Something hits you but does no damage.
The orc hits you but does no damage.
You closely miss something. Something hits you.
The orc hits you from afar with a +0 trident.
* * * LOW HITPOINT WARNING * * *
Something hits you but does no damage. You block the orc's attack.
You miss something. Something hits you but does no damage.
You block the orc's attack.
You slash something! Something hits you but does no damage.
The orc barely misses you.
You closely miss something. Something hits you but does no damage.
The orc hits you but does no damage. You block something's attack.
The orc hits you but does no damage.
You miss something.
You hear some strange, mumbled words.
A puff of flame appears from out of thin air!
The puff of flame hits you!
You die...

#########
#######...†...#
......#.#####.#
.#....#.#####.#
...........##.#
.#....#.##.##.#
.#..#.#.##.##.#######
......#....[....@{oo#
##.################.#
##.#### #...w(#
......# #......#
....#.# #.#.#..#
##..#.# ....$..#
....#.# .........
.##.#.# ... #.#


r.o ......## ##.. ..# .B.. You could see an orc priest and an orc.

Vanquished Creatures
  An orc priest (D:2)
  3 adders (D:2)
  An orc (D:2)
  A ball python (D:1)
  4 endoplasms
  A goblin (D:1)
  3 hobgoblins
  3 jackals (D:2)
  2 bats (D:1)
  2 kobolds (D:1)
  4 rats
25 creatures vanquished.

Notes
Turn   | Place    | Note
-------+----------+-------------------------------------------
     0 | D:1      | Dorkslayer the Gargoyle Fighter began the quest for the
                  | Orb.
     0 | D:1      | Reached XP level 1. HP: 14/14 MP: 1/1
   242 | D:1      | Reached XP level 2. HP: 19/19 MP: 2/2
   459 | D:1      | Found Hoal's General Store.
   764 | D:2      | Reached skill level 1 in Dodging
   765 | D:2      | Reached XP level 3. HP: 21/23 MP: 3/3
   875 | D:2      | Reached XP level 4. HP: 11/29 MP: 4/4
   883 | D:2      | Killed from afar by an orc wizard

Illustrated notes

Levels and vault maps discovered:
D:1:      wander_arrival_abandoned_jail, layout_loops_cross, serial_shops, shop,
          grunt_decor_junction
D:2:      layout_loops_cross, uniq_sigmund, uniq_jessica

Skill      XL: |  1  2 |
---------------+-------+-----
Axes           | 2 |  2.2
Dodging        | 1 |  1.7
Fighting       | |  3.7
Armour         | |  3.7
Shields        | |  3.7

Action                     |  1- 3 |  4- 6 || total
---------------------------+-------+-------++-------
  Melee: War axe           |    73 |     9 ||    82
    Use: Potion            |     3 |       ||     3
 Armour: Scale mail        |    14 |       ||    14
         Chain mail        |    43 |    12 ||    55
  Dodge: Dodged            |    35 |     3 ||    38
  Block: Buckler           |    17 |     3 ||    20

Table legend: (Time is in decaauts)
 A = Elapsed time spent in this place.
 B = Non-inter-level travel time spent in this place.
 C = Inter-level travel time spent in this place.
 D = Time resting spent in this place.
 E = Time spent auto-exploring this place.
 F = Levels seen in this place.
 G = Mean time per level.
                   A        B        C        D        E       F      G
               +--------+--------+--------+--------+--------+-----+--------+
         Total |    918 |    918 |      0 |      0 |    309 |   2 |  459.0 |
       Dungeon |    918 |    918 |      0 |      0 |    309 |   2 |  459.0 |
               +--------+--------+--------+--------+--------+-----+--------+

Top non-repeatable levels by time:
     D:1: 768 daAuts
     D:2: 149 daAuts
